Map: Odyssey LE

Players

Denver

  • Race: Zerg Zerg
  • Spawn Location: 11:00

Cloudy - Winner!

  • Race: Protoss Protoss
  • Spawn Location: 5:00

Event: WCS Valencia 2017

VOD

Have the link to the VOD?

Description

Time

  • Played on: July 13, 2017, 9:56 a.m.
  • Length: 9:34

All games in this series

Show
View Real Time Build Order
Export as new Build Order

Denver Zerg 

Build Orders: Hatch First 

Get SALT Encoding   

  12  0:01  Drone  
  13  0:13  Overlord  
  13  0:18  Drone  
  14  0:32  Drone x2  
  16  0:37  Drone  
  17  0:52  Hatchery  
  17  0:55  Drone  
  17  1:00  Extractor  
  17  1:01  Drone  
  17  1:15  Spawning Pool  
  17  1:18  Drone  
  17  1:21  Drone  
  18  1:29  Drone  
  19  1:41  Overlord  
  19  1:51  Drone  
  20  2:01  Queen  
  20  2:03  Metabolic Boost  
  20  2:06  Queen  
  24  2:10  Zergling x2  
  24  2:12  Zergling x2  
  26  2:16  Drone  
  26  2:17  Drone  
  28  2:26  Drone  
  28  2:27  Drone  
  30  2:38  Drone x2  
  32  2:47  Hatchery  
  32  2:48  Drone  
  32  2:51  Drone  
  32  2:55  Overlord  
  33  2:59  Zergling x2  
  34  3:09  Zergling x4  
  35  3:15  Evolution Chamber  
  35  3:18  Drone  
  35  3:19  Drone x3  
  36  3:28  Drone x2  
  36  3:29  Drone  
  36  3:34  Drone  
  40  3:37  Overlord  
  40  3:42  Drone x2  
  40  3:43  Drone  
  40  3:46  Drone  
  43  3:52  Evolution Chamber, Overlord  
  41  3:57  Queen  
  41  3:59  Zergling x2  
  41  4:02  Zergling x4  
  46  4:04  Zergling x2  
  46  4:08  Zergling x4  
  46  4:09  Zergling x2  
  50  4:15  Drone  
  50  4:16  Zergling x4  
  53  4:17  Drone x2  
  53  4:21  Zerg Melee Weapons Level 1  
  55  4:25  Drone  
  55  4:28  Drone x2  
  55  4:29  Drone  
  55  4:30  Drone  
  60  4:37  Drone x3  
  60  4:45  Overlord x2  
  57  4:48  Roach Warren, Extractor  
  57  4:52  Lair  
  55  4:55  Drone x2  
  57  5:05  Zergling x12  
  60  5:08  Queen  
  60  5:12  Extractor  
  59  5:19  Drone  
  59  5:20  Drone x4  
  60  5:32  Roach  
  60  5:33  Roach x4  
  70  5:42  Spore Crawler  
  70  5:44  Spore Crawler  
  70  5:45  Roach x2  
  70  5:47  Roach  
  74  5:54  Overlord x2  
  74  5:56  Glial Reconstitution  
  74  6:02  Overlord  
  74  6:06  Overlord  
  74  6:14  Roach  
  74  6:15  Roach x3  
  82  6:20  Overlord  
  82  6:23  Drone  
  82  6:29  Roach x4  
  82  6:32  Overseer  
  90  6:37  Roach x2  
  90  6:38  Zergling x4  
  96  6:42  Overlord  
  96  6:46  Overlord  
  96  6:48  Zerg Missile Weapons Level 1  
  96  6:56  Drone  
  97  7:04  Drone  
  97  7:05  Drone x8  
  94  7:25  Overseer, Roach  
  94  7:26  Roach x5  
  106  7:30  Drone  
  105  7:44  Overseer  
  105  7:45  Zergling x16  
  110  7:54  Zergling x8  
  110  7:56  Ravager x2  
  116  8:04  Zergling x8  
  116  8:05  Zergling x2  
  110  8:10  Roach x3  
  110  8:11  Roach  
  112  8:18  Zergling x6  
  104  8:25  Zergling x2  
  101  8:30  Queen, Zergling x4  
  100  8:41  Zergling x8  
  98  8:42  Zergling x6  
  104  8:48  Ravager  
  83  9:07  Roach  
  83  9:08  Roach x3  
  85  9:13  Roach  
Show
View Real Time Build Order
Export as new Build Order

Cloudy Protoss - Winner!

Build Orders: 1 Gate Expand, Mass Adepts 

Get SALT Encoding   

  12  0:01  Probe (Chrono Boost)  
  13  0:12  Probe (Chrono Boost)  
  14  0:21  Pylon  
  14  0:23  Probe (Chrono Boost)  
  15  0:39  Probe (Chrono Boost)  
  15  0:41  Gateway  
  16  0:49  Probe (Chrono Boost)  
  17  0:51  Assimilator  
  17  0:57  Gateway  
  17  1:00  Probe (Chrono Boost)  
  18  1:11  Probe (Chrono Boost)  
  19  1:29  Cybernetics Core  
  19  1:42  Nexus  
  19  1:50  Pylon  
  19  2:07  Adept (Chrono Boost)  
  19  2:08  Probe, Adept (Chrono Boost)  
  24  2:15  Assimilator  
  24  2:16  Warp Gate  
  24  2:21  Probe  
  25  2:33  Probe (Chrono Boost)  
  25  2:35  Pylon  
  26  2:39  Adept (Chrono Boost)  
  26  2:43  Adept (Chrono Boost)  
  30  2:45  Probe (Chrono Boost)  
  31  2:54  Probe (Chrono Boost)  
  31  2:56  Probe (Chrono Boost)  
  33  3:05  Probe (Chrono Boost)  
  34  3:07  Probe (Chrono Boost)  
  34  3:09  Adept  
  34  3:10  Adept  
  39  3:15  Probe (Chrono Boost)  
  40  3:23  Probe (Chrono Boost)  
  40  3:26  Probe (Chrono Boost)  
  40  3:33  Probe (Chrono Boost), Twilight Council  
  39  3:36  Probe (Chrono Boost)  
  39  3:39  Adept  
  42  3:44  Adept  
  42  3:47  Probe (Chrono Boost)  
  42  3:48  Pylon  
  45  3:49  Probe (Chrono Boost)  
  46  4:00  Gateway  
  46  4:05  Probe (Chrono Boost)  
  46  4:06  Probe (Chrono Boost)  
  48  4:10  Resonating Glaives (Chrono Boost)  
  48  4:15  Probe  
  49  4:17  Probe  
  49  4:20  Pylon  
  49  4:22  Stalker  
  49  4:23  Adept  
  54  4:34  Dark Shrine  
  54  4:36  Probe  
  54  4:37  Probe  
  50  4:46  Probe  
  50  4:48  Adept x2  
  50  4:49  Probe  
  50  4:50  Assimilator  
  56  4:53  Assimilator  
  56  4:55  Robotics Facility  
  56  4:57  Probe  
  57  5:01  Probe  
  57  5:03  Pylon  
  57  5:06  Pylon  
  58  5:07  Probe  
  58  5:13  Probe (Chrono Boost)  
  60  5:19  Probe (Chrono Boost)  
  59  5:22  Adept x3  
  59  5:26  Mothership Core (Chrono Boost)  
  65  5:31  Gateway x2  
  65  5:36  Gateway  
  65  5:41  Warp Prism (Chrono Boost)  
  67  5:52  Adept  
  67  5:53  Adept  
  67  5:54  Adept  
  73  5:58  Pylon  
  73  6:11  Pylon  
  73  6:24  Nexus  
  73  6:32  Pylon  
  73  6:33  Pylon  
  73  6:34  Dark Templar x3  
  79  6:46  Adept x2  
  83  6:47  Adept  
  85  6:56  Immortal (Chrono Boost)  
  85  6:58  Charge  
  89  7:07  Probe  
  85  7:08  Probe  
  71  7:17  Sentry x2  
  71  7:18  Sentry, Adept x2  
  83  7:30  Pylon, Immortal (Chrono Boost)  
  83  7:33  Pylon  
  83  7:34  Pylon  
  79  7:44  Adept x3  
  79  7:45  Adept x3  
  83  8:01  Probe  
  83  8:02  Immortal (Chrono Boost)  
  83  8:03  Forge  
  83  8:05  Adept x5  
  90  8:18  Adept  
  90  8:28  Adept x4  
  90  8:29  Adept  
  99  8:39  Dark Templar, Immortal  
  103  8:48  Sentry  
  103  8:49  Sentry  
  103  8:51  Adept x2  
  103  8:52  Probe  
  103  8:53  Probe  
  103  9:07  Adept  
  105  9:14  Adept x3  
  105  9:16  Adept  
  113  9:18  Adept  
Tags
 
Add a new tag
Caveats
  • Supply blocks, unpowered buildings, or Contaminate may cause inaccurate times.
  • Supply counts are checked every 10 seconds.